 Dungeon Crawl Stone Soup version 0.28.0 (webtiles) character file.

Game seed: 18376744806330898100

3535 DearestLeader the Cleaver (level 9, 0/75 HPs)
             Began as a Minotaur Fighter on Feb 4, 2022.
             Was an Elder of Okawaru.
             Slain by a two-headed ogre (18 damage)
             ... on level 8 of the Dungeon on Feb 10, 2022.
             The game lasted 00:11:08 (6925 turns).

DearestLeader the Cleaver (Minotaur Fighter)        Turns: 6925, Time: 00:11:08

Health: 0/75       AC: 11    Str: 24    XL:     9   Next: 82%
Magic:  6/8        EV: 13    Int:  7    God:    Okawaru [****..]
Gold:   303        SH:  5    Dex:  9    Spells: 8/8 levels left

rFire   . . .      SeeInvis .   a - +0 war axe
rCold   . . .      Faith    .   c - +0 buckler
rNeg    . . .      Spirit   .   b - +0 scale mail
rPois   .          Reflect  .   (helmet restricted)
rElec   .          Harm     .   j - +1 cloak {Stlth+}
rCorr   .          Rampage  .   (no gloves)
Will    .....                   (no boots)
Stlth   ++........              q - amulet of regeneration
HPRegen 1.02/turn               (no ring)
MPRegen 0.11/turn               (no ring)

@: heroic
A: horns 2, retaliatory headbutt
a: Renounce Religion, Heroism, Finesse


You were on level 8 of the Dungeon.
You worshipped Okawaru.
Okawaru was greatly pleased with you.
You visited 2 branches of the dungeon, and saw 9 of its levels.

You collected 303 gold pieces.

Inventory:

Hand Weapons
 a - a +0 war axe (weapon)
 y - a +0 hand crossbow
 D - a +1 flail of holy wrath
 I - a +1 falchion of holy wrath
Missiles
 B - 30 bolts
 H - 11 poisoned darts
 J - 2 javelins (quivered)
Armour
 b - a +0 scale mail (worn)
 c - a +0 buckler (worn)
 j - a +1 cloak of stealth (worn)
 u - a +0 kite shield
 C - a +0 chain mail
Jewellery
 q - an amulet of regeneration (around neck)
 r - a ring of ice
Wands
 E - a wand of iceblast (9)
Scrolls
 e - 2 scrolls of enchant armour
 i - 5 scrolls of teleportation
 l - a scroll of fog {unknown}
 m - a scroll of enchant weapon {unknown}
 n - 3 scrolls of blinking {unknown}
 s - a scroll of fear {unknown}
 t - 2 scrolls of noise {unknown}
 v - 2 scrolls of holy word {unknown}
 w - a scroll of immolation {unknown}
 G - a scroll of magic mapping {unknown}
 K - a scroll of identify
Potions
 d - a potion of lignification {unknown}
 f - a potion of cancellation
 g - a potion of invisibility {unknown}
 h - 4 potions of curing
 k - 2 potions of attraction
 o - 3 potions of heal wounds
 p - a potion of mutation {unknown}
 x - a potion of degeneration
 z - 2 potions of ambrosia {unknown}
 A - a potion of flight {unknown}
 F - a potion of brilliance {unknown}
 L - a potion of resistance {unknown}
 M - a potion of haste {unknown}


   Skills:
 + Level 5.7(10.7) Fighting
 * Level 13.6(18.6) Axes
 + Level 7.4(12.4) Armour
 - Level 5.0(10.0) Dodging
 - Level 4.0(9.0) Shields
 + Level 0.7 Invocations


You had 8 spell levels left.
You didn't know any spells.
Your spell library contained the following spells:

 Spells                   Type           Power      Damage    Failure   Level
 Apportation              Tloc           0%         N/A       75%         1
 Beastly Appendage        Tmut           0%         N/A       75%         1
 Pain                     Necr           0%         1d4       75%         1
 Slow                     Hex            0%         N/A       75%         1
 Static Discharge         Conj/Air       0%         N/A       86%         2
 Wereblood                Tmut           0%         N/A       86%         2
 Confusing Touch          Hex            0%         N/A       98%         3
 Spider Form              Tmut/Pois      0%         N/A       98%         3
 Vampiric Draining        Necr           0%         2d6       98%         3
 Lightning Bolt           Conj/Air       0%         1d11      100%        5
 Maxwell's Capacitive Co  Air            0%         ∞         100%        8
 Animate Skeleton         Necr           Unusable   N/A       N/A         1
 Summon Small Mammal      Summ           Unusable   N/A       N/A         1

Dungeon Overview and Level Annotations

Branches:
Dungeon (8/15)             Temple (1/1) D:5
   Lair: D:8-11

Altars:
Cheibriados
Dithmenos
Hepliaklqana
Kikubaaqudgha
Okawaru
Sif Muna
Xom
Yredelemnul

Portals:
Abyss: D:6

Annotations:
D:6 2 transporters, kalagan's ghost, novice DECj


Innate Abilities, Weirdness & Mutations

You have a pair of horns on your head.
You reflexively headbutt those who attack you in melee.


Message History

The ice beast is almost dead.
You hit the orc but do no damage. The ice beast misses you.
The orc hits you but does no damage.
You hit the ice beast.
You kill the ice beast!
Okawaru accepts your kill.
You slash the orc!
You kill the orc!
Okawaru accepts your kill.
No target in view!
Things that are here:
a +0 hand axe; a +0 chain mail A two-headed ogre comes into view.
It is wielding a +0 giant club and a +0 giant spiked club.
Found a falchion.
The two-headed ogre shouts in stereo!
Found a scroll labelled LELACY PIEXYOCS.
You gain the combat prowess of a mighty hero.
You hit the two-headed ogre but do no damage.
You headbutt the two-headed ogre.
The two-headed ogre is lightly wounded.
The two-headed ogre hits you with a +0 giant club.
The two-headed ogre completely misses you.
You hit the two-headed ogre but do no damage.
The two-headed ogre is lightly wounded.
You slash the two-headed ogre!
The two-headed ogre is moderately wounded.
The two-headed ogre hits you with a +0 giant club!!
The two-headed ogre hits you with a +0 giant spiked club!
You slash the two-headed ogre! You headbutt the two-headed ogre.
The two-headed ogre is severely wounded.
The two-headed ogre barely misses you. You furiously retaliate!
You headbutt the two-headed ogre.
The two-headed ogre hits you with a +0 giant spiked club!!
* * * LOW HITPOINT WARNING * * *
You barely miss the two-headed ogre.
The two-headed ogre is severely wounded.
You hit the two-headed ogre but do no damage.
The two-headed ogre is severely wounded.
The two-headed ogre hits you with a +0 giant club!!
You die...

######### . #
...?....# .#####.#
........# .....#.###
........###.........
........+.........#.
........#...........
........#.#..>......#
....)..O#......^....##
#####+##@.#....#.#....
#..#....# ...
#.....).##.#
.....#.......#.#.
###..#.#..<......
#..#.#.....#.##
#..#.#.###.# #
#..#.#.....# #######
#..#.#.....#


You could see a two-headed ogre.

Vanquished Creatures
  Prince Ribbit (D:5)
  Grinder (D:6)
  3 yaks (D:5)
  Edmund (D:6)
  2 water moccasins
  A black bear (D:4)
  3 ice beasts
  A sky beast (D:6)
  An orc warrior (D:7)
  A hornet zombie (D:7)
  An ogre (D:6)
  4 necrophages
  A phantom (D:5)
  A kobold brigand (D:8)
  2 scorpions (D:6)
  A water moccasin zombie (D:5)
  6 crimson imps (D:7)
  A centaur zombie (D:7)
  3 hounds
  A bullfrog zombie (D:5)
  3 bullfrog skeletons
  A gnoll shaman (D:4)
  Crazy Yiuf (D:7)
  2 centaur skeletons (D:6)
  Jessica (D:3)
  Natasha (twice) (D:2)
  4 iguanas
  2 hound zombies (D:5)
  A hound skeleton (D:5)
  A howler monkey zombie (D:5)
  5 gnolls (D:4)
  8 adders
  3 shadow imps
  A white imp (D:7)
  3 ufetubi
  A worm (D:4)
  A dart slug (D:6)
  6 orcs
  8 ball pythons
  4 endoplasms
  2 giant cockroaches
  4 goblins
  6 hobgoblins
  2 jackals (D:5)
  15 kobolds
  5 quokkas
  3 bats
  4 frilled lizards
  6 rats
141 creatures vanquished.

Vanquished Creatures (others)
  A human (D:4)
1 creature vanquished.

Grand Total: 142 creatures vanquished

Notes
Turn   | Place    | Note
-------+----------+-------------------------------------------
     0 | D:1      | DearestLeader the Minotaur Fighter began the quest for the
                  | Orb.
     0 | D:1      | Reached XP level 1. HP: 19/19 MP: 0/0
    60 | D:1      | Reached XP level 2. HP: 27/27 MP: 1/1
   184 | D:1      | Noticed a great orb of eyes
   186 | D:1      | Found a faded altar of an unknown god.
   188 | D:1      | Noticed a great orb of eyes
   188 | D:1      | Noticed a golden eye
   188 | D:1      | Noticed a golden eye
   193 | D:1      | Reached skill level 3 in Axes
   498 | D:2      | Noticed Natasha
   503 | D:2      | Noticed a crimson imp
   506 | D:2      | Killed Natasha
   507 | D:2      | Reached XP level 3. HP: 9/33 MP: 2/2
   792 | D:2      | Reached skill level 4 in Axes
  1001 | D:2      | Noticed Natasha
  1010 | D:2      | Killed Natasha
  1011 | D:2      | Reached XP level 4. HP: 19/40 MP: 3/3
  1684 | D:3      | Noticed Jessica
  1690 | D:3      | Killed Jessica
  1691 | D:3      | Reached skill level 5 in Axes
  2310 | D:4      | Reached XP level 5. HP: 33/46 MP: 4/4
  2449 | D:4      | Reached skill level 6 in Axes
  2585 | D:4      | Noticed a black bear
  2596 | D:5      | Entered Level 5 of the Dungeon
  2613 | D:5      | Found a basalt altar of Yredelemnul.
  2654 | D:5      | Reached skill level 7 in Axes
  2654 | D:5      | Reached XP level 6. HP: 50/52 MP: 5/5
  2845 | D:5      | Reached skill level 8 in Axes
  3017 | D:5      | Found a staircase to the Ecumenical Temple.
  3023 | Temple   | Entered the Ecumenical Temple
  3058 | Temple   | Became a worshipper of Warmaster Okawaru
  3197 | D:5      | Noticed a yak
  3197 | D:5      | Noticed a yak
  3197 | D:5      | Noticed a yak
  3211 | D:5      | Killed a yak
  3212 | D:5      | Reached skill level 9 in Axes
  3212 | D:5      | Reached XP level 7. HP: 56/59 MP: 6/6
  3214 | D:5      | Killed a yak
  3214 | D:5      | Reached * piety under Okawaru
  3215 | D:5      | Reached skill level 10 in Axes
  3220 | D:5      | Killed a yak
  3300 | D:5      | Noticed Prince Ribbit
  3325 | D:5      | Killed Prince Ribbit
  3326 | D:5      | Reached skill level 1 in Dodging
  3326 | D:5      | Reached XP level 8. HP: 13/66 MP: 7/7
  3571 | D:5      | Reached ** piety under Okawaru
  3572 | D:5      | Reached skill level 11 in Axes
  3898 | D:4      | Reached skill level 5 in Armour
  4043 | D:4      | Found an ancient bone altar of Kikubaaqudgha.
  5113 | D:6      | Reached skill level 12 in Axes
  5151 | D:6      | Noticed Edmund
  5174 | D:6      | Killed Edmund
  5180 | D:6      | Reached XP level 9. HP: 32/71 MP: 5/8
  5222 | D:6      | Found a shimmering altar of Xom.
  5223 | D:6      | Found a hazy altar of Hepliaklqana.
  5224 | D:6      | Noticed a spectral ugly thing
  5238 | D:6      | Upgraded the game from 0.28-b1-78-gc65acfa365 to 0.28.0
  5254 | D:6      | Found a transporter.
  5269 | D:6      | Noticed an ancient zyme
  5284 | D:6      | Found a transporter.
  5339 | D:6      | Found a snail-covered altar of Cheibriados.
  5388 | D:6      | Noticed kalagan's ghost (novice DECj)
  5389 | D:6      | Found a one-way gate to the infinite horrors of the Abyss.
  5515 | D:6      | Reached *** piety under Okawaru
  5527 | D:6      | Noticed Grinder
  5539 | D:6      | Killed Grinder
  5855 | D:7      | Found a runed translucent door.
  5856 | D:7      | Noticed Crazy Yiuf
  5861 | D:7      | Killed Crazy Yiuf
  6015 | D:7      | Reached skill level 13 in Axes
  6080 | D:7      | Reached skill level 5 in Fighting
  6080 | D:7      | Reached skill level 5 in Dodging
  6614 | D:7      | Reached **** piety under Okawaru
  6718 | D:8      | Found a shimmering blue altar of Sif Muna.
  6741 | D:8      | Identified the +1 robe of Hubris {Fly}
  6888 | D:8      | Found a shadowy altar of Dithmenos.
  6915 | D:8      | Noticed a two-headed ogre
  6925 | D:8      | Slain by a two-headed ogre

Illustrated notes

Levels and vault maps discovered:
D:1:      eino_arrival_water_cross, layout_basic,
          hellmonk_ecumenical_altar_watching_god
D:2:      layout_basic, uniq_natasha
D:3:      layout_basic, grunt_decor_fettered, kennysheep_jessica_study
D:4:      layout_layer_cave, tgw_kikubaaqudgha
D:5:      layout_cave_pods, nicolae_yredelemnul_corpse_copse, temple_green,
          chequers_avenue, uniq_prince_ribbit1
D:6:      layout_basic, regret_index_temple_of_mockery, kennysheep_slug_shrine,
          gammafunk_ghost_abyssal_escape, corexii_item_surrounded_by_moat,
          uniq_grinder, uniq_edmund
D:7:      layout_loops_ring, minmay_nine_imps, uniq_crazy_yiuf_cottage
D:8:      kennysheep_steamy, layout_basic, mainiacjoe_overflow_alcove_4,
          makhleb_altar_promises_db, mainiacjoe_overflow_tiny_flanked,
          serial_glass, glass_columns_c, glass_columns_a,
          minmay_misc_feat_enclosed
Temple:   nicolae_temple_figure_zero

Skill      XL: |  1  2  3  4  5  6  7  8  9 |
---------------+----------------------------+-----
Axes           | 3 4 5 7 9 10 12 13 | 13.6
Fighting       | 4 5 |  5.7
Armour         | 4 6 7 |  7.4
Shields        | 4 |  4.0
Dodging        | 1 3 5 |  5.0
Invocations    | |  0.7

Action                   |  1- 3 |  4- 6 |  7- 9 || total
-------------------------+-------+-------+-------++-------
Melee: War axe           |    47 |    90 |   322 ||   459
       Headbutt          |     6 |    13 |    45 ||    64
Invok: Heroism           |       |       |     2 ||     2
  Use: Potion            |     2 |       |     1 ||     3
       Scroll            |       |       |     5 ||     5
Armor: Scale mail        |    18 |    50 |    94 ||   162
Dodge: Dodged            |    26 |    42 |   123 ||   191
Block: Buckler           |    15 |    14 |    51 ||    80
